 Dungeon Crawl Stone Soup version 0.25.1-4-g9407a263a5 (webtiles) character file.

Game seed: 14182988063488789985

337 Gabide the Insei (level 6, -3/32 HPs)
             Began as a Vine Stalker Monk on Nov 27, 2020.
             Was a Follower of Uskayaw.
             Slain by an orc warrior
             ... wielding a +2 vorpal dire flail
              (21 damage)
             ... on level 4 of the Dungeon.
             The game lasted 00:06:09 (2368 turns).

Gabide the Insei (Vine Stalker Monk)                Turns: 2368, Time: 00:06:09

Health: -3/32      AC:  4    Str: 14    XL:     6   Next: 54%
Magic:  0/7        EV: 14    Int: 10    God:    Uskayaw [*.....]
Gold:   93         SH:  5    Dex: 18    Spells: 5/5 levels left

rFire    . . .     SeeInvis .     - Unarmed
rCold    . . .     Gourm    .   (no shield)
rNeg     . . .     Faith    .   a - +2 robe
rPois    .         Spirit   +   (no helmet)
rElec    .         Reflect  +   (no cloak)
rCorr    .         Harm     .   (no gloves)
MR       .....                  (no boots)
Stlth    +++.......             g - amulet of reflection
HPRegen  0.50/turn              (no ring)
MPRegen  0.10/turn              (no ring)

@: no status effects
A: fangs 2, regeneration 1, magic shield, antimagic bite, no potion heal 3, rot
immunity
a: Stomp, Renounce Religion


You were on level 4 of the Dungeon.
You worshipped Uskayaw.
Uskayaw was noncommittal.
You were not hungry.

You visited 1 branch of the dungeon, and saw 4 of its levels.

You collected 93 gold pieces.

Inventory:

Missiles
 d - 78 stones (quivered)
 j - 25 poisoned darts
Armour
 a - a +2 robe (worn)
 f - a +2 scale mail of poison resistance
 r - a +0 robe of magic resistance
Jewellery
 g - an amulet of reflection (around neck)
 q - an uncursed amulet of faith
Scrolls
 e - 3 scrolls of amnesia
 h - 3 scrolls of remove curse
 k - a scroll of teleportation {unknown}
 p - a scroll of identify
Potions
 c - a potion of flight {unknown}
 l - 2 potions of heal wounds {unknown}
 m - a potion of haste {unknown}
 n - a potion of lignification {unknown}
 o - a potion of stabbing {unknown}
 s - a potion of curing
Comestibles
 b - 8 rations
 i - a chunk of flesh


   Skills:
 + Level 3.2 Fighting
 + Level 0.4 Throwing
 + Level 3.1 Dodging
 + Level 4.4 Stealth
 * Level 5.6 Unarmed Combat


You had 5 spell levels left.
You didn't know any spells.
Your spell library contained the following spells:

 Spells                   Type           Power        Failure   Level  Hunger
 Cause Fear               Hex            #.........   98%         4    #####..
 Silence                  Hex/Air        #.........   100%        5    ######.
 Yara's Violent Unravell  Hex/Tmut       #.........   100%        5    ######.
 Discord                  Hex            #.........   100%        8    #######


Dungeon Overview and Level Annotations

Branches:
Dungeon (4/15)
 Temple: D:4-7

Altars:
Trog
Uskayaw
Vehumet
Wu Jian


Innate Abilities, Weirdness & Mutations

You have extremely sharp teeth.
Your natural rate of healing is unusually fast.
When hurt, damage is shared between your health and your magic reserves.
Your bite disrupts and absorbs the magic of your enemies.
Potions cannot restore your health.
You are immune to rotting.


Message History

The magic dart hits you! You block the orc warrior's attack.
Found a large rock.
You barely miss the orc warrior. Your bite misses the orc warrior.
The orc hits you with a +0 flail.
You hit the orc warrior but do no damage.
Your bite misses the orc warrior. The orc closely misses you.
You hit the orc warrior. Your bite misses the orc warrior.
The orc warrior is lightly wounded.
The orc misses you.
An orc priest comes into view. It is wielding a +0 dagger.
The orc warrior misses you.
You hit the orc warrior.
The orc warrior is lightly wounded.
The orc hits you with a +0 flail. The orc hits you but does no damage.
The orc wizard misses you.
You barely miss the orc warrior. Your bite misses the orc warrior.
The orc warrior is lightly wounded.
The orc warrior hits you with a +2 vorpal dire flail!!
Ouch! That really hurt!
You die...

###. ##... # 8#.(
#.##8.o .# $...(
##(.# #...#. ..#
#..oo##..## #o@o##..
###†.#(# .
##########.#.# ... .
............##.....
.. #..###.....(.....
...###...<.#####.....
.#.....<#### ....
..........>#### ..
...............


You could see an orc warrior, an orc priest, an orc wizard and 2 orcs.

Vanquished Creatures
  Sigmund (D:3)
  Terence (D:3)
  Natasha (D:3)
  A worker ant (D:2)
  6 adders
  A worm (D:2)
  2 dart slugs (D:1)
  A leopard gecko (D:1)
  4 orcs
  A ball python (D:1)
  6 bats
  5 giant cockroaches
  5 goblins
  2 hobgoblins
  3 jackals (D:2)
  2 frilled lizards
  12 kobolds
  A leopard gecko skeleton (D:4)
  6 rats
61 creatures vanquished.

Notes
Turn   | Place    | Note
-------+----------+-------------------------------------------
     0 | D:1      | Gabide the Vine Stalker Monk began the quest for the Orb.
     0 | D:1      | Reached XP level 1. HP: 11/11 MP: 2/2
    41 | D:1      | Reached XP level 2. HP: 14/16 MP: 1/3
   776 | D:2      | Found a hide-covered altar of Uskayaw.
   785 | D:2      | Became a worshipper of Uskayaw the Reveler
   785 | D:2      | Reached * piety under Uskayaw
   792 | D:2      | Reached ** piety under Uskayaw
   799 | D:2      | Reached XP level 3. HP: 15/20 MP: 2/4
   799 | D:2      | Reached *** piety under Uskayaw
  1073 | D:2      | Gained mutation: Your natural rate of healing is unusually
                  | fast. [Vine Stalker growth]
  1073 | D:2      | Reached XP level 4. HP: 11/24 MP: 5/5
  1077 | D:2      | Reached skill level 4 in Unarmed Combat
  1203 | D:2      | Found a radiant altar of Vehumet.
  1337 | D:2      | Found an ornate altar of the Wu Jian Council.
  1710 | D:3      | Noticed Terence
  1749 | D:3      | Killed Terence
  1749 | D:3      | Reached XP level 5. HP: 19/28 MP: 6/6
  1776 | D:3      | Found a bloodstained altar of Trog.
  1880 | D:3      | Noticed Natasha
  1881 | D:3      | Noticed Sigmund
  1891 | D:3      | Killed Sigmund
  1891 | D:3      | Reached skill level 5 in Unarmed Combat
  1891 | D:3      | Reached XP level 6. HP: 15/32 MP: 3/7
  1952 | D:3      | Killed Natasha
  2097 | D:3      | Found a faded altar of an unknown god.
  2357 | D:4      | Noticed an orc warrior
  2368 | D:4      | Slain by an orc warrior

Illustrated notes

Levels and vault maps discovered:
D:1:      zelgadis_glass_arrival_small, layout_loops_cross
D:2:      layout_basic, overflow_temple_1_default,
          nicolae_overflow_crystal_walls, lemuel_crystal_altar
D:3:      layout_rooms, old_standard_altar, chequers_ecumenical_altar_grove,
          first_ration, uniq_natasha, uniq_terence, uniq_sigmund
D:4:      layout_rooms, minmay_temple_entry_arrows, guppyfry_early_orc_mine

Skill      XL: |  1  2  3  4  5 |
---------------+----------------+-----
Fighting       | 3 |  3.2
Unarmed Combat | 4 5 |  5.6
Stealth        | 3 4 |  4.4
Dodging        | 3 |  3.1
Throwing       | |  0.4

Action                   |  1- 3 |  4- 6 || total
-------------------------+-------+-------++-------
Melee: Unarmed           |    60 |   135 ||   195
       Bite              |    15 |    34 ||    49
       Punch             |     1 |     2 ||     3
Throw: Stone             |    18 |       ||    18
Invok: Stomp             |       |     1 ||     1
  Use: Scroll            |     5 |     4 ||     9
       Potion            |     1 |       ||     1
 Stab: Sleeping          |     5 |     7 ||    12
       Paralysed         |       |     3 ||     3
       Distracted        |       |     1 ||     1
  Eat: Chunk             |       |     5 ||     5
Armor: Robe              |     4 |    16 ||    20
Dodge: Dodged            |    37 |    64 ||   101
Block: Other             |     8 |    24 ||    32
       Reflection        |     2 |     2 ||     4
